 Dungeon Crawl Stone Soup version 0.18.1-48-g4cf74bf (webtiles) character file.

1593 lorenzova the Jinx (level 8, 0/36 HPs)
             Began as a Spriggan Enchanter on Aug 1, 2016.
             Was an Initiate of Dithmenos.
             Splashed by an oklob plant's acid (12 damage)
             ... created by the enmity of Fedhas Madash
             ... on level 6 of the Dungeon.
             The game lasted 00:13:41 (7564 turns).

lorenzova the Jinx (Spriggan Enchanter)             Turns: 7564, Time: 00:13:42

Health: 0/36       AC:  3    Str:  5    XL:     8   Next: 62%
Magic:  21/21      EV: 18    Int: 17    God:    Dithmenos [......]
Gold:   215        SH:  0    Dex: 17    Spells: 3 memorised, 18 levels left

rFire  . . .     SeeInvis +     y - +0 dagger (venom)
rCold  . . .     Gourm    .     b - +1 robe
rNeg   . . .     Faith    .     (shield restricted)
rPois  .         Spirit   .     (helmet restricted)
rElec  .         Dismiss  .     (no cloak)
rCorr  .         Reflect  .     (gloves unavailable)
SustAt .         Harm     .     (boots unavailable)
MR     +....                    u - amulet of regeneration
Stlth  +++++.....               (no ring)
                                (no ring)

@: very quick, somewhat resistant to hostile enchantments, quite stealthy
A: unfitting armour, see invisible, herbivore 3, speed 3, slow metabolism 2
a: Renounce Religion


You were on level 6 of the Dungeon.
You worshipped Dithmenos.
Dithmenos was noncommittal.
You were very hungry.

You visited 2 branches of the dungeon, and saw 7 of its levels.

You collected 215 gold pieces.

Inventory:

Hand Weapons
 a - a +1 dagger
 y - a +0 dagger of venom (weapon)
Armour
 b - a +1 robe (worn)
 s - a +2 buckler
Jewellery
 u - an amulet of regeneration (around neck)
 C - an uncursed ring of ice
Wands
 f - a wand of teleportation (3/9)
 p - a wand of acid (5/15)
 x - a wand of polymorph (7/24)
Scrolls
 e - 2 scrolls of enchant weapon {unknown}
 h - 10 scrolls of identify {unknown}
 j - a scroll of blinking {unknown}
 l - 3 scrolls of teleportation {unknown}
 o - a scroll of magic mapping {unknown}
 q - 4 scrolls of remove curse {unknown}
 r - a scroll of recharging {unknown}
 t - a scroll of enchant armour {unknown}
 v - a scroll of fog {unknown}
 z - 4 scrolls of random uselessness {unknown}
 B - a scroll of noise {unknown}
Potions
 g - a potion of berserk rage {unknown}
 k - 3 potions of might {unknown}
 m - 3 potions of flight
 n - a potion of heal wounds {unknown}
 w - a potion of invisibility {unknown}
 A - a potion of curing {unknown}
 D - a potion of lignification {unknown}
Books
 c - a book of Maledictions

   Spells                             Type                      Level
   a - Corona                         Hexes                        1
   b - Ensorcelled Hibernation        Hexes/Ice                    2
   c - Confuse                        Hexes                        3
   d - Tukima's Dance                 Hexes                        3
   e - Dazzling Spray                 Conjuration/Hexes            3
Comestibles
 d - 3 bread rations
 i - 2 fruits


   Skills:
 - Level 1.1 Short Blades
 - Level 3.0 Dodging
 + Level 8.7 Stealth
 * Level 8.8 Spellcasting
 * Level 9.0 Hexes


You had 18 spell levels left.
You knew the following spells:

 Your Spells              Type           Power        Failure   Level  Hunger
a - Corona                Hex            #####..      1%          1    None
b - Ensorcelled Hibernat  Hex/Ice        ###...       2%          2    None
c - Confuse               Hex            #####...     1%          3    #......


Dungeon Overview and Level Annotations

Branches:
Dungeon (6/15)             Temple (1/1) D:6

Altars:
Ashenzari
Cheibriados
Dithmenos
Elyvilon
Fedhas
Kikubaaqudgha
Makhleb
Nemelex Xobeh
Pakellas
Qazlal
Ru
Sif Muna
Trog
Vehumet
Xom
Yredelemnul
Zin
The Shining One

Shops:
D:5 %   D:6 }

Annotations:
D:6 exclusion: 2 oklob plants


Innate Abilities, Weirdness & Mutations

You are tiny and cannot use many weapons and most armour.
You have supernaturally acute eyesight.
You are a herbivore.
You cover ground extremely quickly.
You need consume almost no food.


Message History

A wandering mushroom and 2 oklob plants come into view.
Things that are here:
a whip; a leather armour The oklob plant spits acid at you.
Fedhas protects a plant from harm. x2
The splash of acid hits you!
The acid burns!
There is an open door here.
You close the door.
There's nothing to close nearby.
You open the door.
Really walk into a travel-excluded area?
Uppercase [Y]es or [N]o only, please.
Really walk into a travel-excluded area?
Uppercase [Y]es or [N]o only, please.
Really walk into a travel-excluded area?
Uppercase [Y]es or [N]o only, please.
Really walk into a travel-excluded area?
The oklob plant spits acid at you. The splash of acid hits you!
The acid burns!
You die...

#
#........#....'....#..)l...##
+........#....#....#oo.....##
#........#....#....'.a.......
#........#....#....#.........
##...#..#####.###.##.########
################.##### ##
#....#..)......# ..
#....#..#).....# .##
#....@f.######## . #
#..###..##...#########
######P)##...#........
#....P'....'.>......
#....)#....#........
####################


You could see 2 oklob plants and a wandering mushroom.

Vanquished Creatures
  A hungry ghost (D:4)
  Menkaure (D:6)
  A water moccasin (D:5)
  An ice beast (D:6)
  An orc warrior (D:6)
  An ogre (D:4)
  A scorpion (D:4)
  3 crimson imps (D:5)
  2 jellies (D:5)
  A giant frog skeleton (D:4)
  A hound (D:4)
  3 orc priests
  8 orc wizards
  An iguana (D:5)
  3 worker ants (D:6)
  A worker ant zombie (D:6)
  10 gnolls
  7 adders
  A shadow imp (D:5)
  4 worms
  3 dart slugs
  23 orcs
  4 bats
  10 giant cockroaches
  10 hobgoblins
  4 jackals (D:4)
  2 kobolds (D:2)
  A quokka (D:3)
  3 ball pythons
  8 giant newts
  7 goblins
  A jackal skeleton (D:5)
  A quokka skeleton (D:4)
  7 rats
136 creatures vanquished.

Vanquished Creatures (others)
  25 toadstools
25 creatures vanquished.

Grand Total: 161 creatures vanquished

Notes
Turn   | Place    | Note
--------------------------------------------------------------
     0 | D:1      | lorenzova the Spriggan Enchanter began the quest for the Orb.
     0 | D:1      | Reached XP level 1. HP: 9/9 MP: 5/5
    83 | D:1      | Reached skill level 4 in Hexes
    83 | D:1      | Reached XP level 2. HP: 2/13 MP: 5/7
   345 | D:1      | Learned a level 2 spell: Ensorcelled Hibernation
  1409 | D:2      | Reached XP level 3. HP: 7/16 MP: 3/9
  1578 | D:2      | Learned a level 3 spell: Confuse
  1993 | D:2      | Reached skill level 5 in Stealth
  1993 | D:2      | Reached XP level 4. HP: 21/21 MP: 6/11
  2053 | D:2      | Found a blossoming altar of Fedhas.
  2207 | D:2      | Became a worshipper of Fedhas Madash
  2603 | D:3      | Found a sparkling altar of Nemelex Xobeh.
  2872 | D:3      | Reached skill level 5 in Hexes
  3118 | D:3      | Found a glowing golden altar of the Shining One.
  3557 | D:3      | Reached XP level 5. HP: 21/24 MP: 2/13
  3675 | D:3      | Reached * piety under Fedhas
  4019 | D:3      | Found a shimmering altar of Xom.
  4085 | D:3      | Reached skill level 5 in Spellcasting
  4211 | D:4      | Noticed an ogre
  4216 | D:4      | Killed an ogre
  4216 | D:4      | Reached XP level 6. HP: 19/28 MP: 13/15
  4227 | D:4      | Reached skill level 6 in Hexes
  4852 | D:4      | Noticed a hungry ghost
  4870 | D:4      | Killed a hungry ghost
  4870 | D:4      | Reached XP level 7. HP: 31/32 MP: 4/17
  4996 | D:4      | Found a radiant altar of Vehumet.
  4997 | D:4      | Found a glowing silver altar of Zin.
  5538 | D:4      | Reached skill level 7 in Hexes
  5881 | D:5      | Entered Level 5 of the Dungeon
  6025 | D:5      | Found an oddly glowing altar of Pakellas.
  6059 | D:5      | Found Homoycug's Food Boutique.
  6086 | D:5      | Found a bloodstained altar of Trog.
  6553 | D:5      | Reached XP level 8. HP: 25/36 MP: 11/20
  6793 | D:5      | Reached skill level 8 in Hexes
  7074 | D:6      | Found a staircase to the Ecumenical Temple.
  7088 | D:6      | Found Ucazxy's Gadget Shop.
  7107 | Temple   | Entered the Ecumenical Temple
  7180 | Temple   | Fell from the grace of Fedhas
  7180 | Temple   | Became a worshipper of Dithmenos the Shadowed
  7259 | D:6      | Noticed Menkaure
  7274 | D:6      | Killed Menkaure
  7463 | D:6      | Reached skill level 9 in Hexes
  7558 | D:6      | Noticed an oklob plant
  7558 | D:6      | Noticed an oklob plant
  7558 | D:6      | Noticed a wandering mushroom
  7564 | D:6      | Splashed by an oklob plant's acid

Skill      XL: |  1  2  3  4  5  6  7  8 |
---------------+-------------------------+-----
Spellcasting   | 3 4 5 6 7 8 |  8.8
Hexes          | 4 5 6 7 9 |  9.0
Stealth        | 5 6 7 8 |  8.7
Short Blades   | |  1.1
Dodging        | |  3.0

Action                   |  1- 3 |  4- 6 |  7- 9 || total
-------------------------+-------+-------+-------++-------
Melee: Dagger            |   116 |   290 |   147 ||   553
 Cast: Corona            |     2 |       |       ||     2
       Ensorcelled Hiber |    10 |    24 |     7 ||    41
       Confuse           |       |    21 |    27 ||    48
  Use: Potion            |     3 |       |       ||     3
 Stab: Sleeping          |    13 |    27 |    14 ||    54
       Confused          |       |     9 |    18 ||    27
       Distracted        |       |     2 |     1 ||     3
  Eat: Pizza             |       |     1 |       ||     1
       Fruit             |       |     2 |       ||     2
       Bread ration      |       |     1 |       ||     1
Armor: Robe              |    17 |    30 |    13 ||    60
Dodge: Dodged            |   103 |   265 |   116 ||   484
